 Dungeon Sprint DCSS version 0.20-a0-1101-g1de9d76 (webtiles) character file.

719 Mesmaeker13 the Fighter (level 7, -4/92 HPs)
             Began as an Ogre Berserker on May 4, 2017.
             Was a Priest of Trog.
             Slain by a sun demon (16 damage)
             ... summoned by a kobold demonologist
             ... in the Dungeon (Sprint I: "Red Sonja").
             The game lasted 00:01:27 (508 turns).

Mesmaeker13 the Fighter (Ogre Berserker)             Turns: 508, Time: 00:01:27

Health: -4/92      AC:  5    Str: 24    XL:     7   Next: 70%
Magic:  7/7        EV: 13    Int:  8    God:    Trog [***...]
Gold:   342        SH:  0    Dex:  8    Spells: 6/6 levels left

rFire    . . .     SeeInvis .   a - +0 mace
rCold    . . .     Gourm    .   (no shield)
rNeg     . . .     Faith    .   l - +2 robe {MR+}
rPois    .         Spirit   .   (helmet restricted)
rElec    .         Reflect  .   (no cloak)
rCorr    .         Harm     .   (gloves unavailable)
MR       +++..     NoTele   +   (boots unavailable)
Stlth    +.........             (no amulet)
Regen    1.3/turn               (no ring)
MPRegen  0.1/turn               (no ring)

@: regenerating, slowed, very slow
A: unfitting armour, tough skin 1
a: Berserk, Trog's Hand, Burn Spellbooks, Renounce Religion


You were in the Dungeon.
You worshipped Trog.
Trog was most pleased with you.
You were very hungry.

You visited 1 branch You collected 430 gold pieces.
You spent 88 gold pieces at shops.

Inventory:

Hand Weapons
 a - a +0 mace (weapon)
Armour
 l - a +2 robe of magic resistance (worn)
Scrolls
 i - a scroll of blinking
Potions
 d - a potion of curing
 e - a potion of heal wounds
 f - a potion of haste
 g - 2 potions of magic
 h - a potion of berserk rage
 j - a potion of lignification {unknown}
Comestibles
 c - a bread ration


   Skills:
 + Level 12.6 Fighting
 + Level 9.2 Maces & Flails
 + Level 9.1 Dodging


You had 6 spell levels left.
You didn't know any spells.

Dungeon Overview and Level Annotations

Branches:
Dungeon (1/1)

Altars:
Cheibriados
Dithmenos
Elyvilon
Fedhas
Gozag
Hepliaklqana
Kikubaaqudgha
Makhleb
Nemelex Xobeh
Okawaru
Qazlal
Ru
Sif Muna
Trog
Uskayaw
Vehumet
Wu Jian
Xom
Yredelemnul
Zin
The Shining One
Jiyva
Lugonu

Shops:
D [


Innate Abilities, Weirdness & Mutations

You are too large for most types of armour.
You have tough skin. (AC +1)


Message History

The sun demon hits you but does no damage.
The kobold demonologist casts a spell.
The kobold demonologist gestures wildly while chanting.
You hit the kobold demonologist.
The kobold demonologist is almost dead.
You are no longer berserk.
You are exhausted.
You feel yourself slow down. The ufetubus misses you.
The ufetubus hits you but does no damage.
The sun demon barely misses you. The ufetubus misses you.
The ufetubus closely misses you.
You hit the kobold demonologist but do no damage.
The kobold demonologist is almost dead.
The ufetubus misses you. The ufetubus barely misses you. The ufetubus hits you.
* * * LOW HITPOINT WARNING * * *
The ufetubus completely misses you.
The kobold demonologist hits you with a dagger.
* * * LOW HITPOINT WARNING * * *
The sun demon hits you!
You die...

######################
..)..#..'..#__#3@K45.#
).#..').#..'..'55#K5.#
####'#####'#__#### .3+
###..#...#.#### ##
__####..##.#
_____##'#_.+
_.∩[..÷..._#
_..__##_.#'#
_____###+#)#


You could see a sun demon, a rust devil, 2 kobold demonologists, a neqoxec, 2
shadow imps and 2 ufetubi.

Vanquished Creatures
  A slime creature (D)
  Sigmund (D)
  A yak (D)
  A floating eye (D)
  An ogre (D)
  A jelly (D)
  Ijyb (D)
7 creatures vanquished.

Notes
Turn   | Place    | Note
-------+----------+-------------------------------------------
     0 | D        | Mesmaeker13 the Ogre Berserker began the quest for the Orb.
     0 | D        | Reached XP level 1. HP: 24/24 MP: 1/1
     1 | D        | Noticed Ijyb
     9 | D        | Killed Ijyb
     9 | D        | Reached skill level 5 in Fighting
     9 | D        | Reached XP level 2. HP: 26/36 MP: 2/2
     9 | D        | Reached XP level 3. HP: 32/44 MP: 3/3
    91 | D        | Noticed an ogre
    96 | D        | Killed an ogre
    96 | D        | Reached skill level 7 in Fighting
    96 | D        | Reached skill level 5 in Maces & Flails
    96 | D        | Reached skill level 5 in Dodging
    96 | D        | Reached XP level 4. HP: 57/57 MP: 4/4
   137 | D        | Noticed Sigmund
   144 | D        | Killed Sigmund
   144 | D        | Reached ** piety under Trog
   144 | D        | Reached skill level 10 in Fighting
   144 | D        | Reached XP level 5. HP: 68/68 MP: 5/5
   144 | D        | Reached XP level 6. HP: 78/78 MP: 6/6
   215 | D        | Found a deep blue altar of Sif Muna.
   216 | D        | Found an ornate altar of the Wu Jian Council.
   217 | D        | Found a radiant altar of Vehumet.
   233 | D        | Found Uqoe's Antique Armour Emporium.
   233 | D        | Found an ancient bone altar of Kikubaaqudgha.
   233 | D        | Found a hazy altar of Hepliaklqana.
   233 | D        | Found a stormy altar of Qazlal.
   233 | D        | Found a hide-covered altar of Uskayaw.
   233 | D        | Found a blossoming altar of Fedhas.
   233 | D        | Found a bloodstained altar of Trog.
   233 | D        | Found an iron altar of Okawaru.
   233 | D        | Found a basalt altar of Yredelemnul.
   233 | D        | Found a glowing golden altar of the Shining One.
   233 | D        | Found a snail-covered altar of Cheibriados.
   233 | D        | Found a sacrificial altar of Ru.
   233 | D        | Found a glowing silver altar of Zin.
   233 | D        | Found a shadowy altar of Dithmenos.
   233 | D        | Found a white marble altar of Elyvilon.
   233 | D        | Noticed a yak
   242 | D        | Killed a yak
   242 | D        | Reached skill level 11 in Fighting
   242 | D        | Reached XP level 7. HP: 88/88 MP: 7/7
   243 | D        | Found an opulent altar of Gozag.
   262 | D        | Found a sparkling altar of Nemelex Xobeh.
   266 | D        | Bought a runed robe for 88 gold pieces
   335 | D        | Found a burning altar of Makhleb.
   335 | D        | Found a viscous altar of Jiyva.
   335 | D        | Found a shimmering altar of Xom.
   335 | D        | Found a corrupted altar of Lugonu.
   335 | D        | Noticed a slime creature
   343 | D        | Killed a slime creature
   343 | D        | Reached *** piety under Trog
   343 | D        | Reached skill level 12 in Fighting
   486 | D        | Noticed a kobold demonologist
   487 | D        | Noticed a kobold demonologist
   496 | D        | Noticed a rust devil
   497 | D        | Noticed a sun demon
   507 | D        | Noticed a neqoxec
   508 | D        | Slain by a sun demon

Vault maps used:
D:        dungeon_sprint_1

Skill      XL: |  1  2  3  4  5  6  7 |
---------------+----------------------+-----
Fighting       | 5 7 10 11 12 | 12.6
Maces & Flails | 4 5 7 8 9 |  9.2
Dodging        | 4 5 7 8 9 |  9.1

Action                   |  1- 3 |  4- 6 |  7- 9 || total
-------------------------+-------+-------+-------++-------
Melee: Mace              |    11 |    15 |    26 ||    52
Invok: Berserk           |     1 |     2 |     2 ||     5
       Trog's Hand       |       |       |     1 ||     1
  Eat: Chunk             |       |       |     2 ||     2
Armor: Animal skin       |     2 |       |       ||     2
       Robe              |       |       |     7 ||     7
Dodge: Dodged            |     3 |     5 |    33 ||    41
